 Dungeon Crawl Stone Soup version 0.28.0-53-g5a82cb258f (webtiles) character file.

Game seed: 8907326634394346472

29 hawla the Chiller (level 3, -1/28 HPs)
             Began as a Deep Elf Ice Elementalist on June 12, 2022.
             Slain by a scorpion (6 damage)
             ... on level 2 of the Dungeon.
             The game lasted 00:04:20 (1363 turns).

hawla the Chiller (Deep Elf Ice Elementalist)       Turns: 1363, Time: 00:04:21

Health: -1/28      AC:  2    Str:  7    XL:     3   Next: 1%
Magic:  7/9        EV: 12    Int: 19    God:
Gold:   10         SH:  0    Dex: 15    Spells: 7/8 levels left

rFire   . . .      SeeInvis .   c - +1 short sword (elec)
rCold   . . .      Faith    .   (no shield)
rNeg    . . .      Spirit   .   a - +0 robe
rPois   .          Reflect  .   (no helmet)
rElec   .          Harm     .   (no cloak)
rCorr   .          Rampage  .   (no gloves)
Will    .....                   (no boots)
Stlth   ..........              (no amulet)
HPRegen 0.09/turn               g - ring of flight
MPRegen 0.11/turn               (no ring)

@: berserking, flying, very quick
A: no striking features
a: no special abilities


You were on level 2 of the Dungeon.
You visited 1 branch of the dungeon, and saw 2 of its levels.

You collected 10 gold pieces.

Inventory:

Hand Weapons
 c - a +1 short sword of electrocution (weapon)
Armour
 a - a +0 robe (worn)
Magical Staves
 d - a staff of fire
 j - a staff of air
Jewellery
 g - a ring of flight (left hand)
Potions
 b - a potion of brilliance {unknown}
 f - a potion of berserk rage
 h - 3 potions of curing {unknown}
 i - a potion of degeneration {unknown}


   Skills:
 + Level 2.6 Dodging
 + Level 2.5 Stealth
 + Level 3.4 Spellcasting
 + Level 1.0 Fire Magic
 + Level 4.8 Ice Magic
 * Level 0.2 Air Magic
 * Level 0.6 Evocations


You had 7 spell levels left.
You knew the following spells:

 Your Spells              Type           Power      Damage    Failure   Level
a - Freeze                Ice            84%        1d10      1%          1

Your spell library contained the following spells:

 Spells                   Type           Power      Damage    Failure   Level
 Frozen Ramparts          Ice            42%        1d6       6%          3
 Ozocubu's Armour         Ice            21%        N/A       6%          3
 Foxfire                  Conj/Fire      20%        2x1d5     12%         1
 Conjure Flame            Conj/Fire      5%         6-21      34%         3
 Inner Flame              Hex/Fire       5%         N/A       34%         3
 Hailstorm                Conj/Ice       12%        3d5       47%         4
 Flame Wave               Conj/Fire      5%         2d5       75%         4


Dungeon Overview and Level Annotations

Branches:
Dungeon (2/15)

Altars:


Message History

An adder is nearby!
An adder is nearby!
An adder is nearby!
Found 10 gold pieces.
The adder hisses angrily.
A scorpion comes into view.
You miss the adder. The adder bites you.
You are poisoned.
The adder poisons you! The adder bites you but does no damage.
Casting: Freeze (safe; 1% risk of failure)
Confirm with . or Enter, or press ? or * to list all spells.
Aiming: Freeze (safe; 1% risk of failure)
Press: ? - help, Shift-Dir - straight line, f - adder
Aim: an adder You freeze the adder.
The adder is lightly wounded.
You feel sick. The adder misses you.
Casting: Freeze (safe; 1% risk of failure)
Confirm with . or Enter, or press ? or * to list all spells.
Aiming: Freeze (safe; 1% risk of failure)
Press: ? - help, Shift-Dir - straight line, f/p - adder
Aim: an adder (lightly wounded)
You freeze the adder.
The adder is severely wounded.
The adder seems to slow down.
You feel sick. The adder bites you. The scorpion stings you!
* * * LOW HITPOINT WARNING * * *
It was a potion of berserk rage.
A red film seems to cover your vision as you go berserk!
You feel yourself moving faster!
You feel mighty!
You feel sick. The scorpion closely misses you. The adder barely misses you.
You hit the adder.
The adder is almost dead.
You feel sick.
You are no longer poisoned.
The scorpion closely misses you.
You puncture the adder!
You kill the adder!
The scorpion stings you.
You die...

##. #.$ #.#
#.########.#
#..........#
####..#########
#.####...........#
#.............##.#
#####.@#[###.#
#...s†..# .#
#.##..##..# # ..
.... ..# .. .....
.... ###........#
#.### .### #.


You could see a scorpion.

Vanquished Creatures
  An adder (D:2)
  A dart slug (D:2)
  2 ball pythons (D:1)
  2 endoplasms (D:1)
  A hobgoblin (D:1)
  6 jackals (D:1)
  A bat (D:1)
  A frilled lizard (D:1)
  2 goblins (D:1)
  6 kobolds (D:1)
  4 rats (D:1)
27 creatures vanquished.

Notes
Turn   | Place    | Note
-------+----------+-------------------------------------------
     0 | D:1      | hawla the Deep Elf Ice Elementalist began the quest for the
                  | Orb.
     0 | D:1      | Reached XP level 1. HP: 10/10 MP: 6/6
   629 | D:1      | Reached XP level 2. HP: 15/15 MP: 5/8
   768 | D:1      | Reached skill level 1 in Fire Magic
  1350 | D:2      | Reached XP level 3. HP: 19/19 MP: 9/9
  1355 | D:2      | Noticed a scorpion
  1363 | D:2      | Slain by a scorpion

Illustrated notes

Levels and vault maps discovered:
D:1:      wander_arrival_chamber, layout_rooms
D:2:      layout_loops_ring, shapermc_ecumenical_altar_ellora, uniq_natasha

Skill      XL: |  1  2 |
---------------+-------+-----
Fire Magic     | 1 |  1.0
Dodging        | |  2.6
Stealth        | |  2.5
Spellcasting   | |  3.4
Ice Magic      | |  4.8
Air Magic      | |  0.2
Evocations     | |  0.6

Action                   || total
-------------------------++-------
Melee: Short sword       ||    23
       Unarmed           ||     1
 Cast: Freeze            ||    25
  Use: Scroll            ||     1
       Potion            ||     1
 Stab: Distracted        ||     1
       Sleeping          ||     1
Armor: Robe              ||     4
Dodge: Dodged            ||    31
